 Dungeon Crawl Stone Soup version 0.31.0-11-ge490571c62 (webtiles) character file.

Game seed: 8214318408505021615

42 SmokeWeed the Trooper (level 3, -2/33 HPs)
             Began as a Hill Orc Fighter on Feb 4, 2024.
             Slain by Sigmund
             ... wielding a +0 scythe
              (4 damage)
             ... on level 2 of the Dungeon.
             The game lasted 00:02:42 (922 turns).

SmokeWeed the Trooper (Hill Orc Fighter)             Turns: 922, Time: 00:02:43

Health: -2/33      AC:  7    Str: 18    XL:     3   Next: 54%
Magic:  3/3        EV:  9    Int: 10    God:
Gold:   57         SH:  4    Dex: 10    Spells: 2/2 levels left

rFire   . . .        a - +0 trident
rCold   . . .        c - +0 buckler
rNeg    . . .        b - +0 scale mail
rPois   +            (no helmet)
rElec   .            (no cloak)
rCorr   .            (no gloves)
SInv    .            (no boots)
Will    .....        (no amulet) Stlth
                     f - ring of poison resistance
HPRegen 0.25/turn    (no ring)
MPRegen 0.08/turn

%: no passive effects
@: mighty
A: no striking features
a: no special abilities


You were on level 2 of the Dungeon.
You visited 1 branch of the dungeon, and saw 2 of its levels.

You collected 57 gold pieces.

Inventory:

Hand Weapons
 a - a +0 trident (weapon)
 g - a +0 dagger of venom
Missiles
 e - 2 poisoned darts (quivered)
Armour
 b - a +0 scale mail (worn)
 c - a +0 buckler (worn)
Jewellery
 f - a ring of poison resistance (left hand)
 h - a ring of ice
 k - a ring of positive energy
Potions
 i - a potion of curing {unknown}
 j - a potion of heal wounds {unknown}


   Skills:
 + Level 3.8 Fighting
 + Level 3.0 Polearms
 + Level 3.7 Armour
 + Level 3.8 Shields


You had 2 spell levels left.
You didn't know any spells.
Your spell library was empty.

Dungeon Overview and Level Annotations

Branches:
Dungeon (2/15)

Altars:

Annotations:
D:2 Robin, Sigmund


Message History

The goblin barely misses you.
You puncture the goblin!
You kill the goblin!
The goblin hits you with a +0 dagger.
You closely miss the goblin. Something hits you!
The goblin hits you but does no damage.
You closely miss the goblin. The goblin hits you with a +0 dagger.
Something hits you.
You barely miss the goblin. The goblin hits you but does no damage.
You hit the goblin.
You kill the goblin!
Something hits you but does no damage.
A goblin comes into view. It is wielding a +0 club.
Your Polearms skill increases to level 3!
The goblin shouts!
Something hits you but does no damage.
Things that are here:
a +0 dagger; a +0 club You barely miss something.
Something hits you.
You puncture something!
The goblin no longer looks unusually strong.
The hobgoblin no longer looks unusually strong.
Robin throws the goblin at you!
You puncture something!
You hear some strange, mumbled words.
A puff of flame appears from out of thin air!
The puff of flame hits you.
* * * LOW HITPOINT WARNING * * *
The goblin hits you with a +0 club.
* * * LOW HITPOINT WARNING * * *
You miss something. Something hits you.
* * * LOW HITPOINT WARNING * * *
You block the goblin's attack.
You barely miss something.
You hear some strange, mumbled words.
A puff of flame appears from out of thin air!
The puff of flame misses you.
The puff of flame hits the goblin!
The goblin dies!
You miss something. Something hits you.
You die...

#.##########
....gg{@)..#
#.########.#
#.# #.# #.#
#.# #.#
###'#######
#)........#


You could see Robin and a hobgoblin.

Vanquished Creatures
  A dart slug (D:1)
  4 bats (D:1)
  2 endoplasms (D:1)
  16 goblins
  3 hobgoblins (D:1)
  3 kobolds (D:1)
  2 ball pythons (D:1)
  2 frilled lizards (D:1)
  2 rats (D:1)
35 creatures vanquished.

Vanquished Creatures (others)
  A goblin (D:2)
1 creature vanquished.

Grand Total: 36 creatures vanquished

Notes
Turn   | Place    | Note
-------+----------+-------------------------------------------
     0 | D:1      | SmokeWeed the Hill Orc Fighter began the quest for the Orb.
     0 | D:1      | Reached XP level 1. HP: 19/19 MP: 1/1
   105 | D:1      | Reached XP level 2. HP: 27/27 MP: 2/2
   346 | D:1      | Reached XP level 3. HP: 29/33 MP: 3/3
   893 | D:2      | Noticed Sigmund
   902 | D:2      | Noticed Robin
   920 | D:2      | HP: 1/33 [something (3)]
   922 | D:2      | Slain by Sigmund

Illustrated notes

Levels and vault maps discovered:
D:1:      dpeg_arrival_rhombus, layout_loops_ring, palyth_stone_intersect,
          st_stairs_2, minmay_statues_item, minivault_4
D:2:      layout_basic, uniq_robin, uniq_sigmund

Skill      XL: |  1  2  3 |
---------------+----------+-----
Polearms       | 3 |  3.0
Fighting       | |  3.8
Armour         | |  3.7
Shields        | |  3.8

Action                     || total
---------------------------++-------
  Melee: Trident           ||    92
  Throw: Dart              ||     2
    Use: Potion            ||     1
 Armour: Scale mail        ||    39
  Dodge: Dodged            ||    27
  Block: Buckler           ||    17
